 Dungeon Crawl Stone Soup version 0.20.1-1-g8b1a95d (webtiles) character file.

181 Jazqa the Bolt Thrower (level 5, 0/33 HPs)
             Began as a Kobold Hunter on Oct 24, 2017.
             Slain by an iguana (3 damage)
             ... on level 4 of the Dungeon.
             The game lasted 00:06:39 (2263 turns).

Jazqa the Bolt Thrower (Kobold Hunter)              Turns: 2263, Time: 00:06:40

Health: 0/33       AC:  7    Str:  9    XL:     5   Next: 92%
Magic:  5/5        EV: 15    Int: 13    God:
Gold:   118        SH:  0    Dex: 16    Spells: 4/4 levels left

rFire    . . .     SeeInvis .   r - +0 dagger (curse)
rCold    . . .     Gourm    .   (shield restricted)
rNeg     . . .     Faith    .   c - +1 leather armour
rPois    .         Spirit   .   (no helmet)
rElec    .         Reflect  .   h - +2 cloak
rCorr    .         Harm     .   (no gloves)
MR       .....                  (no boots)
Stlth    ++........             (no amulet)
Regen    0.2/turn               (no ring)
MPRegen  0.1/turn               (no ring)

@: no status effects
A: carnivore 3
a: no special abilities


You were on level 4 of the Dungeon.
You were very full.

You visited 1 branch of the dungeon, and saw 4 of its levels.

You collected 118 gold pieces.


Innate Abilities, Weirdness & Mutations

You are small and have problems with some larger weapons.
You are carnivorous and can eat meat at any time.


   Skills:
 + Level 3.8 Fighting
 + Level 3.1 Short Blades
 + Level 5.3 Crossbows
 + Level 3.4 Dodging
 + Level 3.1 Stealth


You had 4 spell levels left.
You didn't know any spells.

Inventory:

Hand Weapons
 a - a +1 hand crossbow
 b - a +0 short sword
 g - a +2 vampiric dagger
 r - a cursed +0 dagger (weapon)
Missiles
 d - 17 bolts
Armour
 c - a +1 leather armour (worn)
 h - a +2 cloak (worn)
Scrolls
 i - 6 scrolls of identify {@r1}
Potions
 e - 2 potions of brilliance
 j - 2 potions of curing {@q1}
 k - a potion of berserk rage {unknown}
 l - a potion of cancellation {unknown}
 m - a potion of heal wounds {unknown}
Comestibles
 f - 3 meat rations {@e1}
 n - a royal jelly {@e3}

Dungeon Overview and Level Annotations

Branches:
Dungeon (4/15)
 Temple: D:4-7

Altars:
Hepliaklqana

Annotations:
D:3 Sigmund

▓.........▓
▓.........▓
▓.........▓
▓.........▓▓
▓........!..
▓...........
▓....l......
▓...@.......
▓...........
▓▓'▓▓▓▓▓▓▓▓▓▓▓▓▓+▓▓
▓...'............+
▓...▓............▓
▓...▓............▓
▓..>▓............▓
▓...▓............▓
▓...▓............▓


You could see an iguana.


Message History

There is an open door here.
The iguana misses you.
You barely miss the iguana. The iguana misses you.
You hit the iguana but do no damage. You closely miss the iguana.
The iguana closely misses you.
You barely miss the iguana. The iguana closely misses you.
Your leather armour prevents you from hitting the iguana.
The iguana bites you!
You completely miss the iguana.
The iguana bites you but does no damage.
You barely miss the iguana. The iguana barely misses you.
You closely miss the iguana. You hit the iguana but do no damage.
The iguana barely misses you.
You hit the iguana but do no damage. The iguana bites you!
* * * LOW HITPOINT WARNING * * *
You barely miss the iguana. The iguana barely misses you.
You barely miss the iguana. The iguana closely misses you.
You hit the iguana.
The iguana is lightly wounded.
The iguana bites you but does no damage.
You hit the iguana but do no damage.
The iguana is lightly wounded.
The iguana bites you!
* * * LOW HITPOINT WARNING * * *
You hit the iguana but do no damage.
The iguana is lightly wounded.
You hit the iguana.
The iguana is moderately wounded.
The iguana bites you.
You die...

Skill      XL: |  1  2  3  4  5 |
---------------+----------------+-----
Short Blades   | 1 2 3 |  3.1
Fighting       | 3 |  3.8
Crossbows      | 5 |  5.3
Dodging        | 3 |  3.4
Stealth        | 2 3 |  3.1

Action                   |  1- 3 |  4- 6 || total
-------------------------+-------+-------++-------
Melee: Short sword       |   101 |    19 ||   120
       Dagger            |       |   138 ||   138
 Fire: Hand crossbow     |    25 |     3 ||    28
  Use: Scroll            |       |     7 ||     7
 Stab: Sleeping          |     1 |     4 ||     5
  Eat: Chunk             |     9 |     3 ||    12
Armor: Leather armour    |    27 |    31 ||    58
Dodge: Dodged            |    91 |   135 ||   226

Vault maps used:
D:1:      onia_arrival_mini_maze
D:2:      lemuel_coloured_pillars_altar, first_bread
D:3:      uniq_sigmund, uniq_natasha
D:4:      uniq_pikel, uniq_grinder

Notes
Turn   | Place    | Note
-------+----------+-------------------------------------------
     0 | D:1      | Jazqa the Kobold Hunter began the quest for the Orb.
     0 | D:1      | Reached XP level 1. HP: 12/12 MP: 1/1
   114 | D:1      | Reached skill level 1 in Short Blades
   340 | D:1      | Reached XP level 2. HP: 11/18 MP: 2/2
   765 | D:1      | Reached skill level 2 in Short Blades
   846 | D:1      | Reached XP level 3. HP: 22/22 MP: 3/3
  1061 | D:2      | Reached skill level 3 in Fighting
  1108 | D:2      | Reached XP level 4. HP: 28/28 MP: 4/4
  1111 | D:2      | Reached skill level 5 in Crossbows
  1111 | D:2      | Reached skill level 3 in Dodging
  1176 | D:2      | Reached skill level 2 in Stealth
  1212 | D:2      | Found a hazy altar of Hepliaklqana.
  1565 | D:2      | Reached XP level 5. HP: 29/32 MP: 5/5
  1973 | D:3      | Noticed Sigmund
  2036 | D:4      | Noticed a bullfrog
  2056 | D:4      | Killed a bullfrog
  2056 | D:4      | Reached skill level 3 in Short Blades
  2056 | D:4      | Reached skill level 3 in Stealth
  2261 | D:4      | HP: 3/33 [iguana (13)]
  2263 | D:4      | Slain by an iguana

Vanquished Creatures
  A bullfrog (D:4)
  3 gnolls (D:2)
  3 adders
  A dart slug (D:2)
  4 leopard geckos
  2 bats
  6 giant cockroaches
  5 goblins
  6 hobgoblins (D:1)
  6 jackals
  7 kobolds
  A ball python (D:1)
  8 frilled lizards
  5 rats
58 creatures vanquished.
